 Dungeon Crawl Stone Soup version 0.15-a0-1485-g692b94f (webtiles) character file.

751 Quh the Poker (level 7, -1/53 HPs)
             Began as a Demonspawn Abyssal Knight on June 14, 2014.
             Was a Priest of Lugonu.
             Slain by Sabretooth's ghost (5 damage)
             ... on Level 5 of the Dungeon.
             The game lasted 00:20:12 (5690 turns).

Quh the Poker (Demonspawn Abyssal Knight)           Turns: 5690, Time: 00:20:12

HP  -1/53        AC  9     Str 15      XL: 7   Next: 49%
MP   0/15        EV  8     Int 13      God: Lugonu [***...]
Gold 249         SH  0     Dex 12      Spells:  0 memorised,  6 levels left

rFire  . . .     SeeInvis .     a - +1 spear
rCold  . . .     Clarity  .     s - +0 scale mail
rNeg   . . .     rCorr    .     (no shield)
rPois  .         rRot     .     d - +0 helmet
rElec  .         Spirit   +     G - +0 cloak
SustAb +         Warding  .     (no gloves)
rMut   .         Stasis   .     (no boots)
Gourm  .                        (no amulet)
MR     .....                    p - ring of sustain abilities
                                f - ring of flight

@: not resistant to hostile enchantments, extremely unstealthy
A: hooves 1, rugged brown scales 1, powered by death 1, magic shield
a: Depart the Abyss, Bend Space, Banish, Renounce Religion, Evoke Flight


You were on level 5 of the Dungeon.
You worshipped Lugonu.
Lugonu was most pleased with you.
You were not hungry.

You visited 2 branches of the dungeon, and saw 6 of its levels.
You visited the Abyss 1 time.

You collected 249 gold pieces.

Inventory:

Hand weapons
 a - a +1,+1 spear (weapon)
Missiles
 k - 148 stones (quivered)
Armour
 b - a +0 leather armour
 d - a +0 helmet (worn)
 g - a +0 ring mail
 s - a +0 scale mail (worn)
 x - a +0 buckler
 E - a +2 shield
 G - a +0 cloak (worn)
 M - a -2 cloak
Magical devices
 y - a wand of flame (8) {unknown}
 B - a wand of polymorph (12) {unknown}
 C - a wand of cold (7) {unknown}
 K - a wand of polymorph (6) {unknown}
Comestibles
 c - 4 bread rations
 n - a royal jelly
Scrolls
 e - 2 scrolls of recharging {unknown}
 j - 2 scrolls of enchant weapon I {unknown}
 l - 4 scrolls of remove curse
 m - 6 scrolls of identify
 r - 2 scrolls of enchant weapon II {unknown}
 H - a scroll of teleportation {unknown}
 I - 4 scrolls of enchant armour {unknown}
 L - a scroll of magic mapping {unknown}
Jewellery
 f - a ring of flight (left hand)
 p - a ring of sustain abilities (right hand)
 N - a +3 ring of intelligence {unknown}
Potions
 o - a potion of brilliance
 z - a potion of invisibility {unknown}
Books
 D - a book of Alchemy

   Spells                             Type                      Level
   Sublimation of Blood               Necromancy                   2
   Alistair's Intoxication            Transmutation/Poison         4
   Condensation Shield                Ice                          4
   Petrify                            Transmutation/Earth          4
   Ignite Poison                      Fire/Transmutation           5


   Skills:
 - Level 3.0 Fighting
 * Level 6.6 Polearms
 - Level 1.7 Armour
 - Level 0.8 Dodging
 + Level 6.3 Invocations


You had 6 spell levels left.
You didn't know any spells.

Dungeon Overview and Level Annotations

Branches:
Dungeon (5/15)             Temple (1/1) D:5

Altars:
Ashenzari
Dithmenos
Fedhas
Gozag
Kikubaaqudgha
Makhleb
Nemelex Xobeh
Okawaru
Qazlal
Sif Muna
Trog
Vehumet
Xom
Yredelemnul
Zin
The Shining One

Annotations:
D:5 Sabretooth's ghost, average FeFi


Innate Abilities, Weirdness & Mutations

You have large cloven feet.
You are partially covered in rugged brown scales (AC +1, +3% HP).
You can steal the life force of nearby defeated enemies.
When hurt, damage is shared between your health and your magic reserves.


Message History

* * * LOW HITPOINT WARNING * * *
You completely miss Sabretooth's ghost.
Sabretooth's ghost is almost destroyed.
Sabretooth's ghost hits you but does no damage.
You miss Sabretooth's ghost.
Sabretooth's ghost is almost destroyed.
You completely miss Sabretooth's ghost. Your kick misses Sabretooth's ghost.
Sabretooth's ghost is almost destroyed.
Sabretooth's ghost barely misses you.
You hit Sabretooth's ghost.
Sabretooth's ghost is almost destroyed.
Sabretooth's ghost hits you!
* * * LOW HITPOINT WARNING * * *
You completely miss Sabretooth's ghost.
Sabretooth's ghost is almost destroyed.
Sabretooth's ghost hits you but does no damage.
You miss Sabretooth's ghost.
Sabretooth's ghost is almost destroyed.
Sabretooth's ghost hits you.
You die...

#>(# #.... .....# #....
#....# #.... #....# #....
#....# #.... #....# #...>
#....############....
#...W................
#.?.@.............###
.......................#
.......##.........###'##
.≈≈≈≈≈.##.........#.....
.≈###≈.##.........#.....
. #≈.##.........#.....
≈.≈###≈.##....######..>..
≈.≈≈≈≈≈.##....# #.....
........##....# #.....


You could see Sabretooth's ghost.

Vanquished Creatures
  A phantom (D:4)
  3 ogres
  A giant frog (D:3)
  A centaur zombie (D:5)
  3 worker ants (D:4)
  8 adders
  A giant mite (D:1)
  A worm (D:2)
  An ooze (D:1)
  8 orcs
  A bat skeleton (D:4)
  3 giant cockroaches
  12 hobgoblins
  6 jackals
  2 quokkas
  2 ball pythons
  14 bats
  4 giant geckos
  5 giant newts
  13 goblins
  7 kobolds
  An orc skeleton (D:4)
  9 rats
107 creatures vanquished.

Vanquished Creatures (others)
  An ogre (D:4)
1 creature vanquished.

Grand Total: 108 creatures vanquished

Notes
Turn   | Place    | Note
--------------------------------------------------------------
     0 | Abyss:1  | Quh, the Demonspawn Abyssal Knight, began the quest for the Orb.
     0 | Abyss:1  | Reached XP level 1. HP: 18/18 MP: 1/1
    77 | Abyss:1  | Noticed a neqoxec
    82 | Abyss:1  | Noticed an iron imp
    84 | Abyss:1  | Noticed a neqoxec
    91 | D:1      | Escaped the Abyss
   473 | D:1      | Gained mutation: You have large cloven feet. [demonic ancestry]
   473 | D:1      | Reached XP level 2. HP: 14/24 MP: 2/2
   475 | D:1      | Acquired Lugonu's first power
   860 | D:1      | Reached XP level 3. HP: 27/29 MP: 5/5
  1064 | D:2      | Acquired Lugonu's second power
  1472 | D:2      | Reached XP level 4. HP: 35/35 MP: 7/7
  2075 | D:2      | Found a glowing golden altar of the Shining One.
  2160 | D:2      | Found an ancient bone altar of Kikubaaqudgha.
  2160 | D:2      | Found a shattered altar of Ashenzari.
  2280 | D:3      | Noticed a giant frog
  2293 | D:3      | Killed a giant frog
  2293 | D:3      | Reached skill level 4 in Polearms
  2293 | D:3      | Gained mutation: You are partially covered in rugged brown scales (AC +1, +3% HP). [demonic ancestry]
  2293 | D:3      | Reached XP level 5. HP: 25/42 MP: 9/9
  3195 | D:3      | Acquired Lugonu's third power
  3351 | D:4      | Noticed an ogre
  3358 | D:4      | Banished an ogre
  3358 | D:4      | Reached skill level 5 in Polearms
  3358 | D:4      | Gained mutation: You can steal the life force of nearby defeated enemies. [demonic ancestry]
  3358 | D:4      | Reached XP level 6. HP: 12/48 MP: 11/11
  3851 | D:4      | Reached skill level 5 in Invocations
  3894 | D:4      | Noticed an ogre
  3911 | D:4      | Killed an ogre
  4522 | D:4      | Noticed a phantom
  4656 | D:4      | Killed a phantom
  4656 | D:4      | Reached skill level 6 in Polearms
  4656 | D:4      | Gained mutation: When hurt, damage is shared between your health and your magic reserves. [demonic ancestry]
  4656 | D:4      | Reached XP level 7. HP: 40/53 MP: 14/14
  4895 | D:5      | Entered Level 5 of the Dungeon
  5481 | D:5      | Found a staircase to the Ecumenical Temple.
  5553 | Temple   | Entered the Ecumenical Temple
  5641 | D:5      | Noticed Sabretooth's ghost (average FeFi)
  5690 | D:5      | Slain by Sabretooth's ghost

Action                   |  1- 3 |  4- 6 |  7- 9 || total
-------------------------+-------+-------+-------++-------
Melee: Spear             |   122 |   245 |   101 ||   468
Throw: Stone             |     5 |    93 |    20 ||   118
Invok: Depart the Abyss  |     1 |       |       ||     1
       Banish            |       |     1 |       ||     1
  Use: Scroll            |       |       |     2 ||     2
       Potion            |       |       |     1 ||     1
 Stab: Sleeping          |     1 |       |       ||     1
